Map: Amygdala

Players

IplayBaD - Winner!

  • Race: Protoss Protoss
  • League: Silver
  • Spawn Location: 1:00

iPlayDefense

  • Race: Terran Terran
  • League: Silver
  • Spawn Location: 7:00

VOD

Have the link to the VOD?

Description

Time

  • Played on: April 18, 2025, 5:31 p.m.
  • Length: 20:43
Show
View Real Time Build Order
Export as new Build Order

IplayBaD Protoss - Winner!

Build Orders: Carriers 

Get SALT Encoding   

  1  0:00  Probe  
  12  0:05  Probe  
  14  0:15  Probe  
  15  0:27  Pylon  
  15  0:45  Probe  
  15  0:48  Forge  
  16  0:58  Probe  
  17  1:12  Pylon  
  17  1:32  Photon Cannon  
  17  1:33  Photon Cannon  
  17  1:52  Pylon  
  16  1:55  Probe  
  16  2:03  Probe  
  17  2:09  Gateway  
  17  2:13  Probe  
  17  2:15  Pylon  
  17  2:22  Photon Cannon  
  18  2:25  Probe  
  18  2:29  Assimilator  
  19  2:34  Assimilator  
  19  2:37  Probe  
  20  2:44  Photon Cannon  
  20  2:46  Photon Cannon  
  20  2:49  Probe  
  21  3:01  Probe  
  22  3:13  Probe  
  22  3:17  Pylon  
  23  3:22  Nexus  
  23  3:25  Probe  
  24  3:32  Nexus  
  24  3:41  Cybernetics Core  
  24  3:47  Pylon  
  24  3:51  Pylon  
  24  4:08  Photon Cannon  
  24  4:12  Photon Cannon  
  24  4:19  Photon Cannon  
  24  4:32  Probe  
  24  4:34  Probe  
  26  4:42  Probe  
  26  4:44  Probe  
  27  4:50  Probe  
  28  4:58  Probe  
  29  5:04  Probe  
  29  5:06  Probe  
  31  5:12  Probe  
  32  5:17  Probe  
  32  5:21  Probe  
  34  5:25  Shield Battery  
  34  5:27  Shield Battery, Probe  
  35  5:32  Pylon  
  35  5:33  Probe  
  35  5:34  Pylon  
  37  5:36  Probe  
  37  5:38  Pylon  
  37  5:42  Protoss Shields Level 1  
  38  5:44  Probe  
  38  5:45  Probe  
  40  5:51  Photon Cannon  
  40  5:56  Probe  
  41  5:57  Photon Cannon  
  41  5:59  Protoss Air Weapons Level 1  
  41  6:04  Stargate  
  41  6:07  Robotics Facility, Probe  
  42  6:11  Twilight Council  
  42  6:15  Probe  
  42  6:17  Probe  
  42  6:23  Probe  
  42  6:25  Probe  
  46  6:34  Probe  
  46  6:35  Probe  
  48  6:42  Pylon  
  48  6:46  Probe  
  48  6:47  Probe  
  50  6:49  Pylon  
  50  6:52  Fleet Beacon  
  50  6:59  Probe  
  51  7:04  Shield Battery  
  51  7:05  Shield Battery  
  51  7:08  Shield Battery  
  51  7:12  Probe  
  52  7:19  Assimilator  
  52  7:20  Probe  
  52  7:22  Assimilator  
  52  7:28  Photon Cannon  
  53  7:30  Probe, Photon Cannon  
  53  7:32  Photon Cannon  
  53  7:34  Photon Cannon  
  54  7:39  Photon Cannon  
  54  7:42  Probe  
  55  7:47  Pylon  
  55  7:54  Probe  
  55  7:57  Protoss Air Armor Level 1  
  56  7:58  Probe  
  57  8:06  Probe  
  57  8:11  Assimilator  
  58  8:16  Shield Battery, Probe  
  58  8:17  Assimilator, Shield Battery  
  58  8:19  Shield Battery  
  59  8:21  Shield Battery  
  59  8:23  Pylon  
  59  8:28  Probe  
  59  8:29  Photon Cannon x2  
  59  8:31  Photon Cannon  
  59  8:33  Photon Cannon  
  60  8:38  Pylon  
  60  8:40  Probe  
  61  9:00  Tempest  
  65  9:17  Protoss Shields Level 2  
  65  9:39  Pylon  
  65  9:41  Pylon  
  65  9:43  Tempest  
  65  9:45  Photon Cannon  
  69  9:46  Photon Cannon  
  69  9:49  Photon Cannon  
  69  9:52  Photon Cannon  
  69  9:53  Protoss Air Weapons Level 2  
  69  10:05  Photon Cannon  
  69  10:06  Photon Cannon  
  69  10:08  Photon Cannon  
  69  10:09  Photon Cannon  
  69  10:12  Photon Cannon  
  69  10:15  Tempest  
  69  10:26  Shield Battery  
  69  10:28  Shield Battery  
  73  10:30  Shield Battery  
  62  10:49  Unknown  
  62  10:53  Tempest  
  66  11:07  Shield Battery x2  
  66  11:09  Shield Battery  
  66  11:13  Nexus  
  66  11:23  Tempest  
  70  11:46  Observer  
  71  11:47  Protoss Shields Level 3  
  71  12:02  Tempest  
  75  12:12  Protoss Air Armor Level 2  
  75  12:13  Pylon  
  75  12:23  Stargate  
  75  12:25  Stargate  
  75  12:31  Assimilator, Tempest  
  75  12:34  Assimilator  
  79  13:06  Tempest  
  79  13:17  Tempest x2  
  91  13:42  Tempest  
  91  13:51  Tempest x2  
  103  14:07  Nexus  
  103  14:16  Tempest  
  107  14:32  Pylon  
  107  14:33  Tempest x2  
  107  14:35  Pylon  
  95  14:40  Pylon  
  95  14:42  Pylon  
  95  14:50  Protoss Air Weapons Level 3  
  95  14:59  Tempest  
  99  15:03  Shield Battery x2  
  99  15:06  Shield Battery  
  99  15:07  Shield Battery  
  99  15:09  Shield Battery  
  99  15:11  Shield Battery  
  99  15:13  Shield Battery  
  99  15:16  Shield Battery, Tempest x2  
  99  15:18  Shield Battery  
  99  15:20  Shield Battery  
  107  15:21  Shield Battery  
  107  15:53  Carrier  
  113  15:59  Tempest x2  
  118  16:18  Photon Cannon x2  
  116  16:21  Photon Cannon  
  116  16:23  Pylon  
  116  16:42  Tempest  
  120  16:55  Carrier  
  126  17:08  Assimilator  
  126  17:10  Assimilator  
  126  17:16  Photon Cannon  
  126  17:20  Photon Cannon  
  126  17:26  Photon Cannon  
  126  17:34  Photon Cannon  
  126  17:35  Photon Cannon  
  126  17:37  Photon Cannon  
  126  17:41  Photon Cannon  
  126  17:43  Photon Cannon  
  126  17:44  Photon Cannon  
  126  17:45  Carrier  
  126  17:46  Photon Cannon  
  126  17:48  Photon Cannon  
  132  18:07  Carrier x2  
  144  18:32  Carrier  
  144  18:55  Carrier x2  
  150  19:15  Observer  
  162  19:30  Observer, Carrier  
  187  20:41  Pylon  
  187  20:43  Pylon  
Show
View Real Time Build Order
Export as new Build Order

iPlayDefense Terran 

Build Orders:  

Get SALT Encoding   

  12  0:00  SCV  
  13  0:16  Supply Depot  
  13  0:19  SCV  
  14  0:31  SCV  
  15  0:39  Barracks  
  15  0:43  SCV  
  16  0:55  SCV  
  17  0:57  Refinery  
  17  1:07  SCV  
  18  1:20  SCV  
  19  1:53  Barracks Reactor  
  19  1:59  Orbital Command  
  19  2:08  Supply Depot  
  19  2:17  Barracks  
  19  2:18  Barracks  
  19  2:24  Refinery  
  19  2:33  Engineering Bay  
  19  2:40  Bunker  
  19  2:46  Factory  
  19  2:49  Marine  
  20  2:51  Marine  
  21  3:03  SCV  
  22  3:09  Barracks Tech Lab  
  22  3:12  Barracks Tech Lab  
  22  3:15  SCV  
  23  3:29  SCV  
  23  3:31  Factory Tech Lab  
  23  3:33  Combat Shield  
  24  3:36  Stimpack  
  24  3:41  SCV  
  25  3:49  Marine x4  
  29  4:07  Marine  
  30  4:12  Supply Depot  
  30  4:13  Supply Depot  
  30  4:34  Siege Tank  
  33  4:42  Command Center  
  33  5:00  Marine x2  
  33  5:02  Supply Depot  
  33  5:07  SCV  
  36  5:19  SCV  
  36  5:21  Terran Infantry Weapons Level 1  
  37  5:25  Supply Depot  
  37  5:27  Starport  
  37  5:31  SCV  
  38  5:43  SCV, Marine x3  
  42  5:55  Orbital Command, SCV  
  42  5:56  Refinery  
  43  6:04  Siege Tank  
  46  6:07  SCV  
  47  6:18  Supply Depot  
  47  6:19  SCV, Refinery  
  48  6:42  Supply Depot  
  48  6:43  Supply Depot  
  48  6:46  SCV x2  
  50  6:48  Marine  
  51  6:54  Starport Reactor  
  51  6:58  SCV x2  
  53  7:06  Supply Depot  
  53  7:10  SCV x2  
  55  7:21  Barracks  
  55  7:23  Supply Depot  
  55  7:25  Barracks  
  55  7:30  Supply Depot, SCV x2  
  55  7:31  Marine x4  
  61  7:42  SCV x2  
  63  7:48  Supply Depot  
  63  7:49  Marine  
  64  7:52  Supply Depot, Siege Tank  
  64  7:54  SCV x2  
  69  8:12  Supply Depot  
  69  8:14  Barracks Reactor x2  
  69  8:16  Supply Depot  
  69  8:24  Medivac x2  
  69  8:25  Siege Tank  
  76  8:34  Terran Infantry Armor Level 1  
  76  8:38  Armory  
  76  8:39  Supply Depot  
  76  8:54  Medivac x2  
  80  8:57  Siege Tank  
  83  9:24  Medivac  
  83  9:29  Siege Tank  
  83  9:30  Supply Depot  
  88  9:44  Command Center  
  88  9:54  Supply Depot  
  88  10:13  SCV x2  
  90  10:14  Marine x3  
  90  10:15  Marine x5  
  98  10:25  SCV x2  
  100  10:32  Marine x4  
  100  10:33  Marine x4  
  108  10:37  SCV x2  
  109  10:50  Marine x4  
  109  10:51  Marine x4  
  117  10:59  Terran Infantry Weapons Level 2  
  117  11:08  Orbital Command, Marine x4  
  117  11:09  Marine x4  
  117  11:10  SCV x2  
  127  11:13  Siege Tank  
  127  11:14  Medivac  
  127  11:15  Medivac  
  134  11:22  SCV  
  134  11:23  SCV  
  136  11:25  Marine  
  136  11:26  Marine  
  136  11:27  Marine  
  139  11:34  SCV, Refinery  
  139  11:35  SCV  
  141  11:44  Medivac  
  141  11:45  Siege Tank, Medivac  
  148  12:01  Refinery  
  148  12:13  Supply Depot  
  148  12:17  Siege Tank  
  148  12:18  SCV x3  
  148  12:20  Marine  
  148  12:21  Marine x7  
  162  12:30  SCV x3  
  162  12:36  Supply Depot  
  165  12:38  Marine x4  
  165  12:39  Marine x4  
  173  12:49  Siege Tank  
  176  12:56  Marine x8  
  178  12:59  Supply Depot  
  178  13:04  Liberator  
  178  13:05  Liberator  
  172  13:14  Terran Infantry Armor Level 2  
  164  13:21  Supply Depot, Siege Tank  
  163  13:27  Marine  
  163  13:28  Marine x6  
  170  13:47  Liberator  
  170  13:48  Liberator  
  176  13:53  Thor  
  182  14:11  Marine x6  
  188  14:30  Liberator  
  188  14:31  Liberator  
  190  14:36  Thor  
  191  15:13  Liberator x2  
  111  16:20  Marine x5  
  111  16:21  Marine x3  
  111  16:23  Thor  
  111  16:25  Medivac x2  
  97  16:38  Marine x8  
  96  16:43  Missile Turret x2  
  96  16:45  Missile Turret  
  96  16:49  Missile Turret  
  96  16:50  Missile Turret x2  
  96  16:51  Missile Turret x2  
  96  16:52  Missile Turret x4  
  96  16:53  Missile Turret x3  
  96  16:55  Marine, Medivac x2  
  96  16:56  Marine x7, Missile Turret x2  
  96  16:57  Missile Turret  
  108  17:04  Missile Turret  
  108  17:05  Missile Turret  
  108  17:06  Thor  
  114  17:10  Missile Turret  
  114  17:13  Marine  
  114  17:14  Marine x7  
  122  17:22  Missile Turret  
  122  17:25  Medivac  
  124  17:32  Marine x2  
  126  17:42  Missile Turret  
  126  17:48  Thor  
  132  18:01  Missile Turret  
  132  18:19  Medivac x2  
  136  18:20  Barracks Reactor  
  136  18:28  Command Center  
  136  18:30  Refinery x2  
  136  18:31  Thor  
  142  18:49  Liberator, Medivac  
  147  19:14  Thor  
  153  19:18  Liberator  
  156  19:31  Liberator  
  159  19:40  Planetary Fortress  
  159  19:57  Thor  
  168  20:09  Marine  
  168  20:10  Marine x7  
Tags
 
Composition
Carriers
Matchup
PvT
Replay Pack
Dave SC2 II
Spawn Locations
Cross Positions
Add a new tag
Caveats
  • Supply blocks, unpowered buildings, or Contaminate may cause inaccurate times.
  • Supply counts are checked every 10 seconds.